 Dungeon Crawl Stone Soup version 0.24-a0-536-gdd4cf15266 (webtiles) character file.

581595 Chiseanne the Sorcerer (level 25, 0/212 HPs)
             Began as a Demonspawn Wizard on Jan 15, 2019.
             Was the Champion of Vehumet.
             Killed themself with a badly aimed great blast of fire (23 damage)
             ... on level 5 of the Realm of Zot on Aug 12, 2019.
             The game lasted 07:46:40 (73109 turns).

Chiseanne the Sorcerer (Demonspawn Wizard)         Turns: 73109, Time: 07:46:41

Health: 0/212      AC: 28    Str:  7    XL:     25   Next: 95%
Magic:  0/45       EV: 20    Int: 36    God:    Vehumet [******]
Gold:   5873       SH: 10    Dex:  9    Spells: 16/71 levels left

rFire    + + +     SeeInvis +   d - staff of conjuration
rCold    + + .     Gourm    .   D - +3 buckler {AC+3}
rNeg     + . .     Faith    .   x - +2 robe of Paranoia {*Corrode rElec rC+}
rPois    +         Spirit   +   v - +2 helmet {Int+3}
rElec    +         Reflect  .   q - scarf {cloud immunity}
rCorr    +         Harm     .   (gloves unavailable)
MR       +....                  i - +2 pair of boots {run}
Stlth    ++........             y - amulet of the acrobat
HPRegen  0.45/turn              G - ring of Ygellir {rF++ EV+4 Int-2 SInv}
MPRegen  0.58/turn              n - ring "Yhonec" {rN+ AC+4 Int+4 Slay+3}

@: resistant, sanguine armour, hasted, very quick
A: claws 3, clumsy 2, deformed body, deterioration 1, low mp 1, robust 2, spiny
3, magic shield, magic regeneration, magic link, no potion heal 1, sanguine
armour 3
}: 3/15 runes: decaying, silver, gossamer
a: Renounce Religion


You were on level 5 of the Realm of Zot.
You worshipped Vehumet.
Vehumet was exalted by your worship.
You were hungry.

You visited 11 branches of the dungeon, and saw 53 of its levels.
You visited the Abyss 5 times.
You also visited: Trove.

You collected 7361 gold pieces.
You spent 1488 gold pieces at shops.

Inventory:

Hand Weapons
 b - the +6 Majin-Bo {vamp, Archmagi MP+6 Int+6}
   (You took it off a skeletal warrior on level 3 of the Crypt)

   It inflicts no extra harm, but heals its wielder when it wounds a living foe.
   It affects your intelligence (+6).
   It affects your magic capacity (+6).
Missiles
 J - 5 throwing nets (quivered)
Armour
 i - a +2 pair of boots of running (worn)
 q - a scarf of cloud immunity (worn)
 v - a +2 helmet of intelligence (worn)
 x - the +2 robe of Paranoia (worn) {*Corrode rElec rC+}
   (You found it on level 2 of the Abyss)

   It protects you from cold.
   It insulates you from electricity.
   It may corrode you when you take damage.
 D - a +3 buckler of protection (worn)
Magical Staves
 a - an uncursed staff of power
 d - an uncursed staff of conjuration (weapon)
 s - an uncursed staff of wizardry
 t - an uncursed staff of energy
Jewellery
 g - the ring "Udwen" {+Fly MP+9 Dex-3 Slay+2}
   (You found it on level 1 of the Spider Nest)

   [ring of magical power]

   It affects your dexterity (-3).
   It affects your accuracy and damage with ranged weapons and melee attacks
   (+2).
   It affects your magic capacity (+9).
   It lets you fly.
 l - an uncursed amulet of magic regeneration
 n - the ring "Yhonec" (right claw) {rN+ AC+4 Int+4 Slay+3}
   (You found it on level 2 of the Swamp)

   [ring of protection]

   It affects your AC (+4).
   It affects your intelligence (+4).
   It affects your accuracy and damage with ranged weapons and melee attacks
   (+3).
   It protects you from negative energy.
 y - an amulet of the acrobat (around neck)
 G - the ring of Ygellir (left claw) {rF++ EV+4 Int-2 SInv}
   (You bought it in a shop on level 12 of the Dungeon)

   [ring of evasion]

   It affects your evasion (+4).
   It affects your intelligence (-2).
   It greatly protects you from fire.
   It lets you see invisible.
 U - the ring "Yxzaez" {Fire MR+}
   (You found it on level 5 of the Realm of Zot)

   [ring of fire]

   It enhances your fire magic.
   It protects you from fire.
   It makes you vulnerable to cold.
   It affects your resistance to hostile enchantments.
Wands
 e - a wand of scattershot (14)
 F - a wand of acid (15)
 S - a wand of clouds (8)
Scrolls
 c - 12 scrolls of identify
 f - 6 scrolls of immolation
 A - 4 scrolls of magic mapping
 E - 9 scrolls of remove curse
 I - 2 scrolls of enchant armour
 M - 2 scrolls of teleportation
 Q - 3 scrolls of silence
 T - 3 scrolls of fog
Potions
 h - 9 potions of brilliance
 k - 7 potions of ambrosia
 o - 16 potions of curing
 w - a potion of resistance
 z - 2 potions of magic
 B - 8 potions of flight
 K - 2 potions of haste
 N - a potion of cancellation
 O - 9 potions of invisibility
 R - 6 potions of heal wounds
 V - a potion of agility
Miscellaneous
 j - a lamp of fire
 m - 2 boxes of beasts
 r - a phantom mirror
 u - a lightning rod (4/4)
 C - a sack of spiders
 L - a fan of gales
 P - a phial of floods
Comestibles
 p - 22 rations
 H - 2 chunks of flesh


   Skills:
 - Level 10.0 Fighting
   Level 5.5 Maces & Flails
 - Level 10.1 Dodging
 - Level 1.7 Stealth
 - Level 15.0 Shields
 * Level 23.7 Spellcasting
 - Level 22.0 Conjurations
 - Level 3.8 Summonings
 - Level 0.8 Translocations
 - Level 20.0 Fire Magic


You had 16 spell levels left.
You knew the following spells:

 Your Spells              Type           Power        Failure   Level  Hunger
a - Spellforged Servitor  Conj/Summ      ########..   1%          7    None
b - Fire Storm            Conj/Fire      ########..   3%          9    ####...
c - Bolt of Fire          Conj/Fire      ########..   0%          6    None
d - Orb of Destruction    Conj           ########..   1%          7    None
e - Conjure Ball Lightni  Conj/Air       ########..   1%          6    None
f - Blink                 Tloc           N/A          1%          2    None
h - Bolt of Cold          Conj/Ice       ########..   1%          6    None
i - Freezing Cloud        Conj/Ice/Air   #######...   1%          6    None
j - Apportation           Tloc           #####.       1%          1    None
k - Iskenderun's Battles  Conj/Chrm      ########     1%          5    None

Your spell library contained the following spells:

 Spells                   Type           Power        Failure   Level  Hunger
 Ignition                 Fire           ########..   1%          8    None
 Shatter                  Erth           #####.....   100%        9    ####...
 Flame Tongue             Conj/Fire      #####        0%          1    None
 Magic Dart               Conj           ####         0%          1    None
 Shock                    Conj/Air       ####         0%          1    None
 Searing Ray              Conj           ######       0%          2    None
 Throw Frost              Conj/Ice       ######       0%          2    None
 Conjure Flame            Conj/Fire      ########     0%          3    None
 Dazzling Spray           Conj/Hex       ######       0%          3    None
 Static Discharge         Conj/Air       ########     0%          3    None
 Iskenderun's Mystic Bla  Conj           ########     0%          4    None
 Fireball                 Conj/Fire      ########..   0%          5    None
 Confusing Touch          Hex            #####.       1%          1    None
 Corona                   Hex            #####..      1%          1    None
 Infusion                 Chrm           ####         1%          1    None
 Summon Butterflies       Summ           ######..     1%          1    None
 Call Imp                 Summ           ######..     1%          2    None
 Ensorcelled Hibernation  Hex/Ice        #####.       1%          2    None
 Passwall                 Tmut/Erth      #####...     1%          2    None
 Poisonous Vapours        Pois/Air       #####.       1%          2    None
 Shroud of Golubria       Chrm/Tloc      #####.       1%          2    None
 Slow                     Hex            #####...     1%          2    None
 Song of Slaying          Chrm           #####...     1%          2    None
 Swiftness                Chrm/Air       #####...     1%          2    None
 Call Canine Familiar     Summ           ######..     1%          3    None
 Confuse                  Hex            #####...     1%          3    None
 Gell's Gravitas          Tloc           #####.....   1%          3    None
 Ignite Poison            Fire/Tmut/Pois ######..     1%          3    None
 Inner Flame              Hex/Fire       #######.     1%          3    None
 Lesser Beckoning         Tloc           #####.....   1%          3    None
 Mephitic Cloud           Conj/Pois/Air  #######.     1%          3    None
 Ozocubu's Armour         Chrm/Ice       #####...     1%          3    None
 Portal Projectile        Hex/Tloc       #####.       1%          3    None
 Recall                   Summ/Tloc      N/A          1%          3    None
 Regeneration             Chrm/Necr      #####.....   1%          3    None
 Spectral Weapon          Hex/Chrm       #####...     1%          3    None
 Tukima's Dance           Hex            #####...     1%          3    None
 Airstrike                Air            #####.....   1%          4    None
 Force Lance              Conj/Tloc      ########     1%          4    None
 Fulminant Prism          Conj/Hex       ########..   1%          4    None
 Throw Icicle             Conj/Ice       ########     1%          4    None
 Lightning Bolt           Conj/Air       ########..   1%          5    None
 Summon Ice Beast         Ice/Summ       ######..     2%          4    None
 Summon Lightning Spire   Summ/Air       ######..     2%          4    None
 Yara's Violent Unravell  Hex/Tmut       #####.....   4%          5    None
 Animate Dead             Necr           N/A          5%          4    None
 Cause Fear               Hex            #####.....   5%          4    None
 Ice Form                 Ice/Tmut       #####...     5%          4    None
 Leda's Liquefaction      Hex/Erth       #####.....   5%          4    None
 Petrify                  Tmut/Erth      #####...     5%          4    None
 Summon Mana Viper        Hex/Summ       ######..     7%          5    None
 Ring of Flames           Chrm/Fire      #######...   8%          7    None
 Alistair's Intoxication  Tmut/Pois      #####...     16%         5    None
 Borgnjor's Vile Clutch   Necr/Erth      #####.....   16%         5    None
 Metabolic Englaciation   Hex/Ice        #####.....   16%         5    None
 Silence                  Hex/Air        #####.....   16%         5    None
 Ozocubu's Refrigeration  Ice            #####.....   22%         6    None
 Death Channel            Necr           #####.....   65%         6    None
 Deflect Missiles         Chrm/Air       #####.....   65%         6    None
 Invisibility             Hex            #####...     65%         6    None
 Simulacrum               Ice/Necr       #####.....   65%         6    None
 Statue Form              Tmut/Erth      #####....    65%         6    None
 Monstrous Menagerie      Summ           ######....   69%         7    None
 Summon Greater Demon     Summ           ######....   69%         7    None
 Summon Hydra             Summ           ######....   69%         7    None
 Malign Gateway           Summ/Tloc      ######....   88%         7    None
 Dragon Form              Tmut           #####.....   99%         7    None
 Summon Horrible Things   Summ           ######....   100%        8    None
 Dragon's Call            Summ           ######....   100%        9    ####...
 Tornado                  Air            #####.....   100%        9    ####...


Dungeon Overview and Level Annotations

Branches:
Dungeon (15/15)            Temple (1/1) D:6            Lair (6/6) D:11
  Swamp (4/4) Lair:4       Spider (4/4) Lair:4        Slime (0/5) Lair:5
    Orc (2/2) D:12            Elf (3/3) Orc:2        Vaults (5/5) D:13
  Crypt (3/3) Vaults:2     Depths (5/5) D:15            Zot (5/5) Depths:5
   Tomb: Crypt:3

Altars:
Ashenzari
Cheibriados
Dithmenos
Elyvilon
Fedhas
Gozag
Hepliaklqana
Kikubaaqudgha
Makhleb
Nemelex Xobeh
Okawaru
Qazlal
Ru
Sif Muna
Trog
Uskayaw
Vehumet
Wu Jian
Xom
Yredelemnul
Zin
The Shining One
Beogh

Shops:
D:10 *%   D:12 =   D:15 [   Orc:1 *   Orc:2 [%(*   Elf:3 %   Vaults:2 [
Vaults:4 *   Depths:1 =

Portals:
Hell: Depths:1 Depths:2 Depths:3 Depths:4 Depths:5
Abyss: Depths:1 Depths:2 Depths:4
Pandemonium: Depths:1 Depths:2 Depths:3 Depths:4 Depths:5
Ziggurat: Depths:2

Annotations:
D:7 1 runed door
D:9 2 transporters
D:10 2 transporters, skelma's ghost, novice DrBe
D:15 exclusion: Roxanne, Roxanne
Lair:1 exclusion: oklob plant
Lair:2 exclusion: 2 oklob plants
Orc:2 exclusion: upstairs
Elf:2 3 runed translucent doors
Depths:2 1 runed translucent door, Bodyfiy's ghost, veteran DsFE


Innate Abilities, Weirdness & Mutations

You have claws for hands.
You are very robust. (+20% HP)
You are completely covered in sharp spines.
When hurt, damage is shared between your health and your magic reserves.
You regenerate magic rapidly.
When low on magic, you restore magic in place of health.
When seriously injured, your bleeding wounds create very thick armour. (AC +12)
You are very clumsy. (Dex -4)
Armour fits poorly on your strangely shaped body.
Your body sometimes deteriorates upon taking damage.
Your magical capacity is low. (-10% MP)
Potions are less effective at restoring your health.


Message History

A raging storm of fire appears!
The great blast of fire engulfs the Orb Guardian!!!!
You kill the Orb Guardian!
Vehumet accepts your kill.
You feel your power returning.
You feel your strength returning.
The great blast of fire engulfs the Orb Guardian!!!!
The Orb Guardian is almost dead.
The great blast of fire engulfs the orb of fire!!!
The orb of fire partially resists.
The orb of fire is severely damaged.
The great blast of fire engulfs the moth of wrath!!!!
You kill the moth of wrath!
Vehumet accepts your kill.
You feel your power returning.
The great blast of fire engulfs the orb of fire!
The orb of fire partially resists.
The orb of fire is moderately damaged.
The great blast of fire engulfs you!! You partially resist.
You die...

.................▓ ********* *,,,
§................▓*▓.,,,,,,***,,,
^...........○☼○☼v▓▓^.,,,,,,,**,,,
........§...vvv○○▓.^,,,,,,,,,*,,,
...........L§○○☼☼☼.,,,,,,,,,,,,,,
............v☼§v○▓,,,,,,,,,,,*,,,
......%....°v○v○☼▓*,,,,,,,,,**,,,
.......q§..○v○vvX▓**,,,,,,,***,,,
......§.§qdvv*°*@# ********* *,,,
§....W.....○°vv*## **,,
§.d*.......vv○▓## ***
§....q.....▓▓▓▓ *
..##▓▓▓▓▓▓▓▓▓▓▓# #▓
.§p.....d..p.(.### ###.
.q.........##....## ##...
....)......^###...###########...#
........§.q..###...............##


You could see 3 orbs of fire, a white draconian monk, an ancient lich, a red
draconian, an Orb Guardian and 17 friendly fire vortices.

Vanquished Creatures
  An ancient lich (Zot:5)
  Khufu (Crypt:1)
  A greater mummy (Crypt:1)
  Boris (Vaults:5)
  A Killer Klown (Zot:4)
  A shard shrike (shapeshifter) (Vaults:5)
  A caustic shrike (Depths:2)
  A curse toe (Crypt:3)
  10 golden dragons
  2 bone dragons
  9 tentacled monstrosities
  An electric golem (Zot:1)
  A deep elf blademaster (Elf:3)
  3 titans
  4 liches
  12 Orb Guardians (Zot:5)
  4 quicksilver dragons
  A deep elf master archer (Elf:3)
  3 ancient champions (Crypt:3)
  4 death cobs
  2 tentacled starspawn
  2 sphinxes (Vaults:4)
  8 shadow dragons
  7 tengu reavers
  A thorn hunter (Swamp:4)
  10 storm dragons
  Donald (Elf:3)
  A revenant (Crypt:2)
  3 fire giants
  15 frost giants
  5 draconian monks
  3 deep elf sorcerers
  An iron dragon (Vaults:5)
  11 vault wardens
  2 draconian knights
  5 ghost moths
  A cacodemon (Abyss:3)
  4 curse skulls
  3 ghouls
  Aizul (Vaults:3)
  An orc warlord (Orc:2)
  7 draconian scorchers
  A balrug (Depths:3)
  2 emperor scorpions
  4 draconian stormcallers
  6 draconian shifters
  2 spriggan defenders (Depths:4)
  A war gargoyle (Vaults:5)
  5 draconian annihilators
  A reaper (Crypt:3)
  2 deep elf elementalists
  13 very ugly things
  4 stone giants
  5 ironheart preservers
  12 black draconians
  3 entropy weavers
  7 deep elf demonologists
  A pale draconian (Depths:5)
  5 vampire knights
  A spark wasp (Depths:2)
  6 white draconians
  7 green draconians
  6 deep elf annihilators
  5 red draconians
  7 purple draconians
  5 yellow draconians
  7 jiangshi (Crypt:2)
  6 eidola
  4 deep elf death magi
  5 ettins
  11 yaktaur captains
  2 deep elf high priests
  3 fire dragons
  5 ice dragons
  6 great orbs of eyes
  27 vault guards
  Harold (D:8)
  4 rakshasas
  10 hydras
  4 ogre magi
  A satyr (shapeshifter) (Vaults:5)
  7 two-headed ogres
  4 alligators (Swamp:1)
  7 centaur warriors
  4 dancing weapons (Elf:2)
  An alligator (shapeshifter) (Vaults:5)
  8 deep troll shamans
  6 deep troll earth magi
  5 vampire magi
  4 tengu warriors
  A death knight (D:15)
  A hell hog (Abyss:4)
  2 soul eaters
  6 deep elf knights
  4 hell knights
  6 thrashing horrors
  A titan zombie (Abyss:3)
  4 spriggan berserkers
  A storm dragon zombie (Crypt:2)
  20 skeletal warriors
  2 shadow wraiths
  A sun demon (Depths:3)
  A spatial maelstrom (Abyss:3)
  An iron troll (Depths:5)
  A storm dragon skeleton (Vaults:4)
  11 deep trolls
  6 wizards
  7 unseen horrors
  2 sixfirhies
  2 spriggan druids (Depths:4)
  An unseen horror (shapeshifter) (Vaults:2)
  A gelid demonspawn (Depths:1)
  5 flayed ghosts
  A torturous demonspawn (Depths:1)
  A death drake (shapeshifter) (Vaults:2)
  4 swamp dragons
  2 glowing orange brains
  7 ironbrand convokers
  5 necromancers
  Pikel (D:3)
  6 harpies
  13 orc knights
  6 deep elf archers
  8 phantasmal warriors
  A lindwurm (Lair:6)
  2 harpies (shapeshifter)
  A sphinx zombie (Vaults:4)
  20 deep elf magi
  10 orb spiders
  33 ugly things
  An orc sorcerer (Vaults:1)
  A salamander (D:15)
  A manticore (shapeshifter) (Depths:2)
  A worldbinder (Abyss:3)
  2 draconians (Abyss:4)
  10 wolf spiders
  4 elephants (Lair:6)
  2 manticores
  12 moths of wrath
  2 cyclopes
  A sphinx skeleton (Crypt:3)
  3 centaur zombies
  An iron dragon skeleton (Crypt:2)
  A frost giant skeleton (Depths:2)
  2 black mambas (Lair:2)
  Joseph (D:8)
  8 vault sentinels
  An emperor scorpion zombie (Crypt:1)
  2 dire elephant skeletons (Crypt:3)
  An orange demon (Depths:1)
  18 spiny frogs
  A purple draconian zombie (Crypt:2)
  2 rime drakes (Lair:3)
  32 yaktaurs
  6 freezing wraiths
  A komodo dragon (shapeshifter) (Vaults:2)
  An alligator snapping turtle skeleton (Crypt:2)
  9 komodo dragons
  A pale draconian skeleton (Crypt:3)
  5 demonic crawlers
  A troll (shapeshifter) (D:15)
  2 tengu conjurers (Depths:5)
  A guardian mummy (Crypt:3)
  7 trolls
  A red devil (Depths:4)
  8 polar bears
  3 tyrant leeches
  A queen bee (D:11)
  30 jumping spiders
  12 hornets
  4 raiju
  18 blink frogs
  Grinder (D:4)
  Prince Ribbit (D:8)
  3 bog bodies
  7 hippogriffs
  20 slime creatures
  4 dream sheep (Lair:6)
  A fire dragon zombie (Crypt:2)
  2 redbacks (shapeshifter)
  22 spriggans
  3 ynoxinuls (Abyss:3)
  21 tarantellas
  2 air elementals
  3 wraiths
  A shadow (Crypt:3)
  A tarantella (shapeshifter) (Vaults:2)
  2 wyverns (Lair:2)
  Sigmund (D:6)
  Eustachio (D:4)
  3 water elementals (Depths:3)
  A basilisk (D:12)
  60 yaks
  42 redbacks
  A chaos spawn (Zot:5)
  4 hungry ghosts
  3 steam dragons
  9 vampire mosquitoes
  A swamp worm (shapeshifter) (Depths:2)
  Edmund (D:4)
  2 large abominations
  2 spatial vortices (Abyss:3)
  9 soldier ants
  5 swamp worms
  A deep troll zombie (Vaults:1)
  8 wargs (Orc:2)
  An insubstantial wisp (Abyss:3)
  A hell hound (Depths:2)
  9 water moccasins
  Duvessa (D:6)
  4 acid dragons
  7 porcupines
  2 floating eyes
  5 black bears
  6 necrophages
  An infernal demonspawn skeleton (Crypt:3)
  4 ice beasts
  3 sky beasts
  39 orc warriors
  4 swamp drakes
  2 slaves (D:4)
  A spiny frog skeleton (Crypt:2)
  18 wolves (Lair:6)
  16 ogres
  6 boggarts
  A phantom (D:12)
  A boggart (shapeshifter) (Vaults:5)
  12 crocodiles
  A human skeleton (Vaults:1)
  10 centaurs
  A big kobold (D:11)
  15 bullfrogs
  A gnoll sergeant (D:9)
  Dowan (D:6)
  6 scorpions
  2 human simulacra
  20 killer bees
  21 wights
  2 electric eels
  A spriggan skeleton (Crypt:3)
  A bullfrog zombie (D:12)
  9 crimson imps
  2 quasits
  5 small abominations
  8 hounds
  A human zombie (Crypt:2)
  A bullfrog skeleton (D:12)
  A gnoll shaman (D:10)
  A jelly (D:9)
  Crazy Yiuf (D:2)
  2 centaur skeletons (Crypt:2)
  14 orc priests
  21 orc wizards
  A basilisk skeleton (Crypt:3)
  6 iguanas
  Ijyb (D:4)
  Natasha (thrice) (D:3)
  A demonspawn skeleton (Crypt:1)
  28 worker ants
  A porcupine skeleton (Crypt:2)
  An acid dragon zombie (Crypt:1)
  A tengu zombie (Crypt:2)
  A demigod skeleton (Crypt:1)
  A tengu skeleton (Crypt:1)
  2 hound zombies (D:5)
  A hound skeleton (D:11)
  12 mummies
  A howler monkey zombie (D:6)
  A worker ant zombie (Crypt:2)
  12 adders
  13 gnolls
  A swamp drake zombie (Crypt:2)
  6 shadow imps
  4 white imps
  3 ufetubi (Depths:4)
  2 oozes
  An adder skeleton (D:5)
  4 worms
  A ball lightning (Crypt:1)
  5 leopard geckos
  107 orcs
  8 bats
  9 giant cockroaches
  11 hobgoblins
  16 jackals
  14 kobolds
  4 quokkas
  4 ball pythons
  9 frilled lizards
  2 giant cockroach zombies
  2 gnoll zombies (D:2)
  12 goblins
  11 rats
  A rat zombie (Crypt:3)
  A fire vortex (Crypt:2)
  4 fungi
  A starspawn tentacle (Abyss:5)
1708 creatures vanquished.

Vanquished Creatures (collateral kills)
  A greater mummy (Crypt:1)
  A Killer Klown (Zot:5)
  Frederick (Depths:3)
  A caustic shrike (Depths:3)
  Saint Roka (Vaults:1)
  Xtahua (Crypt:1)
  3 golden dragons
  6 tentacled monstrosities
  A deep elf blademaster (Elf:3)
  4 titans
  3 quicksilver dragons
  4 death cobs
  9 tengu reavers
  4 storm dragons
  2 sphinxes
  An ancient champion (Crypt:3)
  5 shadow dragons
  8 fire giants
  The ghost of bmj180 the Earth Mage, an adept GrEE of Sif Muna (Swamp:2)
  6 deep elf sorcerers (Elf:3)
  9 frost giants
  5 emperor scorpions
  A draconian knight (Zot:2)
  A draconian scorcher (Zot:4)
  2 iron dragons
  A balrug (Depths:4)
  11 vault wardens
  7 deep elf elementalists
  9 very ugly things
  2 reapers
  4 ghouls
  A spriggan defender (Depths:4)
  2 ironheart preservers
  A war gargoyle (Vaults:5)
  20 stone giants
  An entropy weaver (Spider:4)
  7 deep elf demonologists (Elf:3)
  A green draconian (Zot:1)
  A black draconian (Zot:2)
  2 vampire knights
  2 red draconians
  3 spark wasps
  3 yellow draconians
  A pale draconian (Depths:5)
  A purple draconian (Zot:4)
  5 deep elf annihilators (Elf:3)
  4 eidola
  A blizzard demon (Abyss:2)
  A merfolk impaler (Depths:3)
  9 ettins
  6 deep elf death magi
  A quicksilver dragon zombie (Depths:2)
  A green death (Abyss:3)
  3 great orbs of eyes
  9 fire dragons
  A jiangshi (Crypt:2)
  10 ice dragons
  A deep elf high priest (Elf:3)
  8 rakshasas
  7 yaktaur captains
  A catoblepas (Lair:6)
  2 hydras (Swamp:4)
  5 death knights
  8 vault guards
  A spriggan air mage (Depths:3)
  5 alligators
  4 two-headed ogres
  4 centaur warriors
  3 deep troll earth magi
  A queen ant (Spider:4)
  2 ogre magi
  2 hell hogs (Abyss:2)
  9 tengu warriors
  9 deep troll shamans
  5 dancing weapons
  An orc high priest (Elf:3)
  7 spriggan berserkers
  A sun demon (Depths:3)
  2 soul eaters
  8 deep elf knights
  A sixfirhy (Abyss:2)
  8 hell knights
  A titan skeleton (Crypt:2)
  13 skeletal warriors
  A death drake (shapeshifter) (Depths:5)
  3 glowing orange brains
  3 wretched stars
  12 deep trolls
  2 flayed ghosts (Depths:3)
  5 spriggan druids
  10 deep elf archers
  3 wizards (Vaults:2)
  4 swamp dragons (Swamp:4)
  10 ironbrand convokers
  6 necromancers
  8 orb spiders
  A wolf spider zombie (Crypt:1)
  An anaconda skeleton (Crypt:2)
  6 orc knights
  3 phantasmal warriors
  3 orc sorcerers
  A harpy (shapeshifter) (Depths:5)
  27 deep elf magi
  A worldbinder (Abyss:3)
  26 ugly things
  12 wolf spiders
  2 sphinx skeletons
  A tengu skeleton (Vaults:4)
  2 fauns (shapeshifter)
  3 cyclopes
  5 large abominations
  6 moths of wrath
  A frost giant skeleton (Depths:2)
  6 vault sentinels
  A fire giant skeleton (Depths:2)
  A centaur skeleton (D:15)
  4 smoke demons
  2 spiny frogs
  2 ice devils
  A yaktaur (shapeshifter) (Depths:4)
  58 yaktaurs
  8 freezing wraiths
  2 demonic crawlers
  A troll (Orc:1)
  2 tengu conjurers
  An ancient zyme (Abyss:3)
  8 jumping spiders
  A wind drake (shapeshifter) (Depths:3)
  A red devil (Depths:2)
  A tyrant leech (shapeshifter) (Vaults:5)
  A hippogriff (shapeshifter) (Depths:2)
  11 hornets
  A raiju (Abyss:3)
  8 slime creatures
  A fire dragon zombie (Crypt:2)
  A tyrant leech (Swamp:4)
  3 bog bodies (Swamp:4)
  A stone giant simulacrum (Depths:2)
  2 air elementals
  A flying skull (Crypt:3)
  An ettin skeleton (Vaults:4)
  A spriggan skeleton (Depths:2)
  17 spriggans
  15 redbacks
  A redback (shapeshifter) (Vaults:5)
  A water elemental (Depths:3)
  7 tarantellas
  A yak (Lair:1)
  A wraith (Crypt:1)
  A human (shapeshifter) (Depths:2)
  A hog (shapeshifter) (Vaults:4)
  5 vampire mosquitoes
  2 steam dragons (Depths:5)
  6 wargs
  A warg (shapeshifter) (Depths:3)
  12 soldier ants (Spider:4)
  An acid dragon (Depths:5)
  A human zombie (Vaults:1)
  15 orc warriors
  A snapping turtle zombie (Crypt:1)
  4 swamp drakes
  A black bear (Lair:6)
  A necrophage (Crypt:2)
  An eye of draining (Abyss:2)
  An elephant zombie (Crypt:1)
  4 ogres
  A centaur (Vaults:2)
  2 small abominations
  A fire crab zombie (Crypt:2)
  2 human skeletons
  2 earth elementals
  A human simulacrum (Vaults:1)
  A wight (Crypt:1)
  2 crimson imps (Depths:1)
  2 quasits
  3 orc priests
  6 orc wizards
  2 iron imps
  3 worker ants (Spider:4)
  A hound zombie (Crypt:1)
  A mummy (Crypt:3)
  A shadow imp (Depths:1)
  2 ufetubi
  3 ball lightnings (Crypt:1)
  17 orcs
  A bat skeleton (Crypt:3)
  A frilled lizard zombie (Crypt:2)
  A jackal zombie (Crypt:1)
  A leopard gecko zombie (Crypt:3)
  2 crawling corpses (Elf:3)
  12 fire vortices
803 creatures vanquished.

Vanquished Creatures (others)
  A frost giant (Depths:4)
  A deep elf knight (Elf:3)
  A skeletal warrior (Vaults:2)
  A deep troll (Vaults:5)
  A swamp dragon (Swamp:4)
  An ugly thing (Depths:3)
  A demonic crawler (Spider:3)
  2 yaktaurs
  A redback (Spider:4)
  A tarantella (Spider:4)
  A soldier ant (Spider:4)
  A necrophage (Crypt:2)
  A jelly (D:8)
  339 ball lightnings
  An orc (D:8)
  441 fire vortices
  36 fungi
  205 plants
  7 starspawn tentacles
1043 creatures vanquished.

Grand Total: 3554 creatures vanquished

Notes
Turn   | Place    | Note
-------+----------+-------------------------------------------
     0 | D:1      | Chiseanne the Demonspawn Wizard began the quest for the
                  | Orb.
     0 | D:1      | Reached XP level 1. HP: 13/13 MP: 4/4
   352 | D:1      | Gained mutation: You have sharp fingernails. [demonic
                  | ancestry]
   352 | D:1      | Reached XP level 2. HP: 7/19 MP: 0/6
  1028 | D:1      | Reached XP level 3. HP: 25/25 MP: 3/7
  1617 | D:2      | Reached skill level 1 in Fighting
  1868 | D:2      | Learned a level 2 spell: Blink
  1872 | D:2      | Learned a level 3 spell: Conjure Flame
  1876 | D:2      | Learned a level 3 spell: Mephitic Cloud
  1884 | D:2      | Found a runed door.
  1935 | D:2      | Gained mutation: You have very sharp fingernails. [demonic
                  | ancestry]
  1935 | D:2      | Reached XP level 4. HP: 5/32 MP: 2/9
  1953 | D:2      | HP: 1/32 [poisoned by an adder]
  2476 | D:2      | Found a basalt altar of Yredelemnul.
  2744 | D:2      | Found a bloodstained altar of Trog.
  3433 | D:2      | Noticed Crazy Yiuf
  3445 | D:2      | Killed Crazy Yiuf
  3445 | D:2      | Gained mutation: When hurt, damage is shared between your
                  | health and your magic reserves. [demonic ancestry]
  3445 | D:2      | Reached XP level 5. HP: 38/38 MP: 7/10
  4006 | D:3      | Found a sacrificial altar of Ru.
  4106 | D:3      | Noticed Natasha
  4117 | D:3      | Killed Natasha
  4117 | D:3      | Reached skill level 4 in Spellcasting
  4132 | D:3      | Noticed Natasha
  4136 | D:3      | Killed Natasha
  4370 | D:3      | Found a faded altar of an unknown god.
  4446 | D:4      | Noticed Eustachio
  4454 | D:4      | Noticed Edmund
  4625 | D:4      | Noticed Grinder
  4909 | D:4      | Gained mutation: When seriously injured, your bleeding
                  | wounds create armour. (AC +12) [demonic ancestry]
  4909 | D:4      | Reached XP level 6. HP: 45/46 MP: 1/12
  5046 | D:4      | Killed Eustachio
  5063 | D:4      | Killed Edmund
  5063 | D:4      | Gained mutation: You have claws for hands. [demonic
                  | ancestry]
  5063 | D:4      | Reached XP level 7. HP: 40/52 MP: 1/13
  5109 | D:5      | Entered Level 5 of the Dungeon
  5701 | D:4      | Noticed Pikel
  5780 | D:3      | Killed Pikel
  5780 | D:3      | Reached skill level 5 in Spellcasting
  5780 | D:3      | Reached XP level 8. HP: 27/60 MP: 2/15
  5843 | D:3      | Noticed Natasha
  5849 | D:3      | Killed Natasha
  5984 | D:4      | Paralysed by Grinder for 2 turns
  5996 | D:4      | Killed Grinder
  5996 | D:4      | Reached skill level 5 in Conjurations
  6228 | D:4      | Noticed Ijyb
  6236 | D:4      | Killed Ijyb
  6751 | D:5      | Reached skill level 5 in Fighting
  6751 | D:5      | Reached skill level 5 in Dodging
  7454 | D:6      | Reached skill level 6 in Spellcasting
  7852 | D:6      | You fall through a shaft for 2 floors!
  7854 | D:8      | Found a shadowy altar of Dithmenos.
  7854 | D:8      | Noticed Joseph
  7863 | D:8      | Found an iron altar of Okawaru.
  7918 | D:9      | Found a hazy altar of Hepliaklqana.
  7973 | D:9      | Noticed a troll
  7980 | D:9      | Killed a troll
  7980 | D:9      | Reached XP level 9. HP: 45/69 MP: 11/18
  8691 | D:9      | Found a transporter.
  8694 | D:9      | Found a glowing silver altar of Zin.
  8694 | D:9      | Noticed a kobold demonologist
  8694 | D:9      | Noticed a yaktaur captain
  8695 | D:9      | Found a transporter.
  8695 | D:9      | Noticed a two-headed ogre
  8696 | D:9      | Found an ornate altar of the Wu Jian Council.
  8886 | D:10     | Entered Level 10 of the Dungeon
  8886 | D:10     | Found a transporter.
  8886 | D:10     | Found a transporter.
  8886 | D:10     | Noticed skelma's ghost (novice DrBe)
  8887 | D:10     | Noticed a two-headed ogre
  9098 | D:8      | Found a hide-covered altar of Uskayaw.
  9101 | D:8      | Noticed a +0 hand axe
  9102 | D:8      | Noticed a +0 hand axe
  9140 | D:8      | Got a bloodstained falchion
  9163 | D:8      | Noticed Prince Ribbit
  9178 | D:8      | Killed Prince Ribbit
  9178 | D:8      | Reached skill level 7 in Spellcasting
  9335 | D:8      | Killed Joseph
  9501 | D:7      | Gained mutation: When seriously injured, your bleeding
                  | wounds create thick armour. (AC +12) [demonic ancestry]
  9501 | D:7      | Reached XP level 10. HP: 63/79 MP: 16/21
  9602 | D:7      | Found a white marble altar of Elyvilon.
  9602 | D:7      | Found a runed door.
  9602 | D:7      | Noticed an angel
 10376 | D:7      | Found a shimmering altar of Xom.
 10415 | D:6      | Noticed Dowan
 10416 | D:6      | Found a staircase to the Ecumenical Temple.
 10418 | D:6      | Noticed Duvessa
 10466 | D:6      | Killed Duvessa
 10482 | D:6      | Killed Dowan
 10507 | Temple   | Entered the Ecumenical Temple
 10655 | Temple   | Became a worshipper of Vehumet
 11042 | D:6      | Identified the +7 falchion "Jahineg" {freeze, Dex+3} (You
                  | found it on level 8 of the Dungeon)
 11054 | D:6      | Noticed Sigmund
 11067 | D:6      | Killed Sigmund
 11440 | D:8      | Noticed Harold
 11568 | D:8      | Killed Harold
 11568 | D:8      | Reached skill level 8 in Spellcasting
 11755 | D:10     | Noticed a yaktaur captain
 12411 | D:10     | Reached * piety under Vehumet
 12411 | D:10     | Offered knowledge of Shock by Vehumet.
 12693 | D:10     | Found Xeops's Food Shoppe.
 12713 | D:10     | Found Omacsyza's Changing Room.
 12817 | D:11     | Found a staircase to the Lair.
 13074 | D:10     | Gained mutation: You are partially covered in sharp spines.
                  | [demonic ancestry]
 13074 | D:10     | Reached XP level 11. HP: 74/87 MP: 11/23
 13329 | D:11     | You fall through a shaft for 3 floors!
 13338 | D:14     | Noticed a red ugly thing
 13338 | D:14     | Noticed a red ugly thing
 13338 | D:14     | Noticed a red ugly thing
 13350 | D:13     | Noticed a skeletal warrior
 13355 | D:13     | Noticed a skeletal warrior
 13357 | D:13     | Noticed a skeletal warrior
 13381 | D:13     | Found a shattered altar of Ashenzari.
 13421 | D:13     | Noticed a two-headed ogre
 13422 | D:13     | You fall through a shaft for 2 floors!
 13422 | D:15     | Entered Level 15 of the Dungeon
 13422 | D:15     | Found Saexom's Antique Armour Boutique.
 13422 | D:15     | Noticed a wizard
 13424 | D:15     | Bought a pair of embroidered boots for 210 gold pieces
 13432 | D:15     | Paralysed by a wizard for 6 turns
 13444 | D:15     | Found a shattered altar of Ashenzari.
 13454 | D:15     | Killed an unseen horror
 13456 | D:14     | Noticed a two-headed ogre
 13528 | D:14     | Noticed a red ugly thing
 13555 | D:14     | Noticed a red ugly thing
 13558 | D:14     | Noticed a red ugly thing
 13582 | D:13     | Killed a two-headed ogre
 13722 | D:12     | Found a roughly hewn altar of Beogh.
 13752 | D:12     | Offered knowledge of Throw Flame by Vehumet.
 13758 | D:12     | Reached ** piety under Vehumet
 13784 | D:12     | Reached skill level 9 in Spellcasting
 13980 | D:12     | Noticed a deep elf mage
 13999 | D:12     | Killed a deep elf mage
 14052 | D:12     | Noticed a skeletal warrior
 14053 | D:12     | Noticed a skeletal warrior
 14055 | D:12     | Found Houcit's Jewellery Boutique.
 14082 | D:12     | Killed a skeletal warrior
 14320 | D:11     | Noticed a five-headed hydra
 14330 | D:11     | Killed a five-headed hydra
 14338 | D:11     | Offered knowledge of Static Discharge by Vehumet.
 14371 | D:11     | Reached *** piety under Vehumet
 14646 | D:11     | Found a shadowy altar of Dithmenos.
 14666 | D:11     | Killed an unseen horror
 14666 | D:11     | Reached skill level 10 in Conjurations
 14678 | D:11     | Reached XP level 12. HP: 71/97 MP: 19/25
 15192 | D:11     | Learned a level 3 spell: Static Discharge
 15226 | Lair:1   | Entered Level 1 of the Lair of Beasts
 15574 | Lair:1   | Reached skill level 10 in Fighting
 15592 | Lair:1   | Offered knowledge of Throw Icicle by Vehumet.
 15659 | Lair:1   | Learned a level 4 spell: Throw Icicle
 15845 | Lair:1   | Reached skill level 1 in Shields
 15845 | Lair:1   | Reached skill level 10 in Spellcasting
 16984 | Lair:2   | Reached skill level 10 in Dodging
 17001 | Lair:2   | Reached **** piety under Vehumet
 17395 | Lair:2   | Offered knowledge of Bolt of Magma by Vehumet.
 17402 | Lair:2   | Learned a level 5 spell: Bolt of Magma
 18797 | Lair:3   | Gained mutation: When seriously injured, your bleeding
                  | wounds create very thick armour. (AC +12) [demonic
                  | ancestry]
 18797 | Lair:3   | Reached XP level 13. HP: 80/103 MP: 6/27
 19846 | Lair:4   | Reached ***** piety under Vehumet
 19846 | Lair:4   | Offered knowledge of Conjure Ball Lightning by Vehumet.
 19846 | Lair:4   | Reached skill level 11 in Spellcasting
 19857 | Lair:4   | Reached skill level 5 in Shields
 20070 | Lair:4   | Found a hole to the Spider Nest.
 20163 | Lair:4   | Found a staircase to the Swamp.
 21828 | Lair:5   | Found a staircase to the Slime Pits.
 22243 | Lair:6   | Entered Level 6 of the Lair of Beasts
 22861 | Lair:6   | Offered knowledge of Fulminant Prism by Vehumet.
 23001 | Lair:6   | Reached skill level 12 in Spellcasting
 23292 | Lair:6   | Paralysed by a hornet for 1 turns
 23502 | Lair:6   | Gained mutation: You regenerate magic rapidly. [demonic
                  | ancestry]
 23502 | Lair:6   | Reached XP level 14. HP: 110/110 MP: 14/30
 24236 | Lair:2   | Learned a level 3 spell: Dazzling Spray
 24236 | Lair:2   | Upgraded the game from 0.23-a0-710-gaad00d04af to
                  | 0.23-a0-767-gdc19b93d68
 24278 | Spider:1 | Entered Level 1 of the Spider Nest
 24301 | Spider:1 | Learned a level 3 spell: Confuse
 24307 | Spider:1 | Got a brightly glowing pewter ring
 24324 | Spider:1 | Identified the ring "Udwen" {+Fly MP+9 Dex-3 Slay+2} (You
                  | found it on level 1 of the Spider Nest)
 24616 | Spider:1 | Noticed an entropy weaver
 24650 | Spider:1 | Killed an entropy weaver
 24819 | Spider:1 | Killed a ghost moth
 25108 | Spider:1 | Noticed an entropy weaver
 25114 | Spider:1 | Killed an entropy weaver
 25999 | Spider:1 | Reached skill level 13 in Spellcasting
 26348 | D:12     | Bought the ring of Ygellir {rF++ EV+4 Int-2 SInv} for 847
                  | gold pieces
 26426 | D:12     | Found a staircase to the Orcish Mines.
 26902 | Orc:1    | Entered Level 1 of the Orcish Mines
 26902 | Orc:1    | Found Jiarexi's General Store.
 26913 | Orc:1    | Bought a potion of curing for 51 gold pieces
 26913 | Orc:1    | Bought a scroll of teleportation for 51 gold pieces
 26913 | Orc:1    | Bought a potion of agility for 68 gold pieces
 27273 | Orc:2    | Entered Level 2 of the Orcish Mines
 27288 | Orc:2    | Found a roughly hewn altar of Beogh.
 27405 | Orc:2    | Found a staircase to the Elven Halls.
 27581 | Orc:2    | Reached ****** piety under Vehumet
 27879 | Orc:2    | Offered knowledge of Iskenderun's Battlesphere by Vehumet.
 27942 | Orc:2    | Learned a level 5 spell: Iskenderun's Battlesphere
 27961 | Orc:2    | Gained mutation: You are mostly covered in sharp spines.
                  | [demonic ancestry]
 27961 | Orc:2    | Reached XP level 15. HP: 115/115 MP: 9/32
 28009 | Orc:2    | Found Wyifok's Weapon Shoppe.
 28009 | Orc:2    | Found Gitaept's Assorted Antiques.
 28023 | Orc:2    | Bought a scroll of identify for 78 gold pieces
 28023 | Orc:2    | Bought a scroll labeled YFEURE IKHLA for 39 gold pieces
 28034 | Orc:2    | Found a roughly hewn altar of Beogh.
 28177 | Orc:2    | Found Riuruzyo's Armour Shoppe.
 28177 | Orc:2    | Found Furghuh's Food Boutique.
 28434 | Orc:2    | Noticed an orc warlord
 28441 | Orc:2    | Killed an orc warlord
 29215 | D:13     | Reached skill level 10 in Shields
 29427 | D:13     | Found a gate to the Vaults.
 30242 | D:14     | Offered knowledge of Spellforged Servitor by Vehumet.
 30328 | D:13     | Learned a level 7 spell: Spellforged Servitor
 31344 | D:15     | Reached skill level 1 in Maces & Flails
 31524 | D:15     | Identified Roxanne's Reference Book on Shape Shifting
 31524 | D:15     | Noticed Roxanne
 31718 | D:15     | Reached skill level 5 in Maces & Flails
 31851 | D:15     | Found a staircase to the Depths.
 32030 | D:15     | Upgraded the game from 0.23-a0-767-gdc19b93d68 to
                  | 0.24-a0-335-g06ca16af6c
 32032 | D:15     | Upgraded the game from 0.24-a0-335-g06ca16af6c to
                  | 0.24-a0-361-g57161393b2
 32099 | D:14     | Upgraded the game from 0.24-a0-361-g57161393b2 to
                  | 0.24-a0-479-g9a978d2894
 32099 | D:14     | Upgraded the game from 0.24-a0-479-g9a978d2894 to
                  | 0.24-a0-536-gdd4cf15266
 32280 | Swamp:1  | Entered Level 1 of the Swamp
 32556 | Swamp:1  | Reached skill level 15 in Conjurations
 33064 | Depths:1 | Entered Level 1 of the Depths
 33248 | Depths:1 | Noticed a tengu reaver
 33784 | Swamp:2  | Found a runed translucent gate.
 33785 | Swamp:2  | Found a runed translucent gate.
 33785 | Swamp:2  | Noticed bmj180's ghost (adept GrEE)
 33786 | Swamp:2  | Found a runed translucent gate.
 33904 | Swamp:3  | Offered knowledge of Orb of Destruction by Vehumet.
 33904 | Swamp:3  | Reached XP level 16. HP: 111/122 MP: 16/33
 33924 | Swamp:3  | Learned a level 7 spell: Orb of Destruction
 33946 | Swamp:4  | Entered Level 4 of the Swamp
 34388 | Swamp:4  | Noticed a thorn hunter
 34394 | Swamp:4  | Killed a thorn hunter
 34531 | Swamp:4  | Got a decaying rune of Zot
 34616 | Swamp:2  | Killed bmj180's ghost
 34629 | Swamp:2  | Got a scintillating golden ring
 34743 | Swamp:2  | Identified the ring "Yhonec" {rN+ AC+4 Int+4 Slay+3} (You
                  | found it on level 2 of the Swamp)
 35026 | Elf:1    | Entered Level 1 of the Elven Halls
 35319 | Elf:2    | Found a runed translucent gate.
 35320 | Elf:2    | Found a runed translucent gate.
 35321 | Elf:2    | Found a runed translucent gate.
 35333 | Elf:2    | Offered knowledge of Bolt of Fire by Vehumet.
 35531 | Elf:3    | Entered Level 3 of the Elven Halls
 35548 | Elf:3    | Got a translucent chain mail
 35562 | Elf:3    | Identified the cursed +0 chain mail "Zeiddogh" {rN++} (You
                  | found it on level 3 of the Elven Halls)
 35589 | Elf:2    | Reached skill level 14 in Spellcasting
 35834 | Elf:2    | Learned a level 6 spell: Freezing Cloud
 36211 | Elf:3    | Found Payxocut's Food Boutique.
 36288 | Elf:3    | Found a portal to a secret trove of treasure.
 36608 | Elf:3    | Identified the cursed +0 chain mail "Woiso" {rN+ Regen+
                  | MP-9}
 36635 | Elf:3    | Noticed Donald
 36644 | Elf:3    | Killed Donald
 36644 | Elf:3    | Noticed a deep elf blademaster
 36645 | Elf:3    | Identified the amulet "Ceesizu" {Acrobat rF++ rC+ rN+
                  | Slay-6}
 36657 | Elf:3    | Noticed an Ice Fiend
 36666 | Elf:3    | Killed a deep elf blademaster
 36949 | Elf:3    | Noticed a deep elf master archer
 36958 | Elf:3    | Killed a deep elf master archer
 36980 | Elf:3    | Offered knowledge of Poison Arrow by Vehumet.
 37016 | Elf:3    | Noticed a Hell Sentinel
 37110 | Elf:3    | Cast into level 2 of the Abyss (a deep elf sorcerer)
 37188 | Abyss:2  | Found a corrupted altar of Lugonu.
 37196 | Abyss:2  | Got a transparent robe
 37286 | Abyss:2  | Reached skill level 15 in Spellcasting
 37345 | Abyss:2  | Noticed a lich
 37351 | Abyss:2  | Killed a lich
 37486 | Elf:3    | Escaped the Abyss
 37523 | Elf:3    | Reached XP level 17. HP: 125/128 MP: 14/36
 37684 | Elf:3    | Cast into level 3 of the Abyss (a deep elf demonologist)
 37685 | Abyss:3  | Noticed a kraken
 37699 | Elf:3    | Escaped the Abyss
 37700 | Elf:3    | Noticed an Ice Fiend
 37838 | Elf:3    | Identified the +2 robe of Paranoia {*Corrode rElec rC+}
                  | (You found it on level 2 of the Abyss)
 37877 | Elf:3    | Noticed a deep elf blademaster
 37887 | Elf:3    | Killed a deep elf blademaster
 38061 | Elf:3    | Identified the +3 war axe "Jeopud" {flame, rF+ Stlth+}
 38214 | Elf:3    | Found the +27 Lear's hauberk
 38235 | Elf:3    | Reached skill level 16 in Spellcasting
 38309 | Elf:3    | Found the +0 sword of Power
 38309 | Elf:3    | Found the +9 heavy crossbow "Sniper" {velocity, Acc+∞ SInv}
 38356 | Elf:3    | Identified Sif Muna's Tome of the Ashen Glacier
 38402 | Elf:3    | Identified the ring of Ryreexel {rPois Int+4}
 39329 | Spider:4 | Entered Level 4 of the Spider Nest
 39933 | Spider:3 | Offered knowledge of Fire Storm by Vehumet.
 39933 | Spider:3 | Offered knowledge of Shatter by Vehumet.
 39933 | Spider:3 | Offered knowledge of Ignition by Vehumet.
 41147 | Spider:4 | Got a smoking chain mail
 41452 | Spider:4 | Learned a level 1 spell: Apportation
 41453 | Spider:4 | Got a gossamer rune of Zot
 41825 | Vaults:1 | Entered Level 1 of the Vaults
 41874 | Vaults:1 | Identified the +9 chain mail "Gupagy" {Regen+ Str+6 Dex+4}
                  | (You found it on level 4 of the Spider Nest)
 42026 | Vaults:1 | Reached XP level 18. HP: 66/134 MP: 13/38
 42422 | Vaults:1 | Noticed Saint Roka
 43381 | Vaults:1 | Killed Saint Roka
 43381 | Vaults:1 | Reached skill level 15 in Shields
 43566 | Vaults:1 | Reached skill level 1 in Fire Magic
 45086 | Vaults:2 | Cast into level 3 of the Abyss (a wizard)
 45114 | Abyss:3  | Found a shimmering altar of Xom.
 45122 | Abyss:3  | Found a shimmering altar of Xom.
 45239 | Vaults:2 | Escaped the Abyss
 45475 | Vaults:2 | Identified the cursed +3 rapier of Dazeemaugy {pierce,
                  | rPois MR- MP+9 Stlth+}
 45476 | Vaults:2 | Reached skill level 17 in Spellcasting
 45901 | Vaults:2 | Found Echiuce's Antique Armour Shoppe.
 46324 | Vaults:2 | Noticed a bone dragon
 46346 | Vaults:2 | Killed a bone dragon
 46402 | Vaults:2 | Found a staircase to the Crypt.
 46452 | Vaults:2 | Got a dazzling ring mail
 46453 | Vaults:2 | Identified the +2 ring mail "Fuwkecw" {Str+7 Dex+2} (You
                  | found it on level 2 of the Vaults)
 47112 | Vaults:3 | Gained mutation: You are robust. (+10% HP) [demonic
                  | ancestry]
 47112 | Vaults:3 | Reached XP level 19. HP: 133/153 MP: 13/40
 47564 | Vaults:3 | Reached skill level 5 in Fire Magic
 47615 | Vaults:3 | Noticed Aizul
 47648 | Vaults:3 | Killed Aizul
 48022 | Vaults:3 | Got a transparent mace
 48023 | Vaults:3 | Identified the +3 mace of a Thousand Spirits {antimagic,
                  | rF+ rC+ rN+ MR-} (You found it on level 3 of the Vaults)
 48717 | Vaults:4 | Learned a level 9 spell: Fire Storm
 49934 | Vaults:4 | Found Eluug's General Store.
 49966 | Vaults:4 | Bought a potion of brilliance for 72 gold pieces
 49966 | Vaults:4 | Bought a scroll of identify for 36 gold pieces
 49966 | Vaults:4 | Bought a scroll of identify for 36 gold pieces
 50548 | Vaults:4 | Reached skill level 10 in Fire Magic
 51825 | Depths:1 | Found a gateway to Hell.
 52123 | Depths:1 | Found a one-way gate to the infinite horrors of the Abyss.
 52135 | Depths:1 | Found Carhow's Jewellery Shoppe.
 52307 | Depths:1 | Found a one-way gate leading to the halls of Pandemonium.
 52590 | Depths:1 | Gained mutation: When low on magic, you restore magic in
                  | place of health. [demonic ancestry]
 52590 | Depths:1 | Reached XP level 20. HP: 153/161 MP: 23/41
 53419 | Depths:2 | Found a gateway to a ziggurat.
 53419 | Depths:2 | Noticed a caustic shrike
 53430 | Depths:2 | Killed a caustic shrike
 53482 | Depths:2 | Identified the +1 robe of Beogh's Benevolence {rN+ Str+4
                  | Dex+4}
 54519 | Depths:2 | Identified the ring "Zyna" {rElec rPois rF++ AC+4 Stlth-}
 55146 | Depths:2 | Found a runed translucent door.
 55148 | Depths:2 | Noticed Bodyfiy's ghost (veteran DsFE)
 55315 | Depths:2 | Got a slimy amber ring
 55318 | Depths:2 | Got a smelly chain mail
 55322 | Depths:2 | Identified the +6 chain mail of Tisouph {rC+ MR- Dex+5
                  | SInv} (You found it on level 2 of the Depths)
 55324 | Depths:2 | Identified the ring "Asmeot" {*Slow rN+++ Str-2 Dex+2
                  | Stlth+} (You found it on level 2 of the Depths)
 55612 | Depths:3 | Noticed Frederick
 55624 | Depths:3 | Killed Frederick
 55624 | Depths:3 | Reached skill level 15 in Fire Magic
 56252 | Depths:3 | Gained mutation: You are very robust. (+20% HP) [demonic
                  | ancestry]
 56252 | Depths:3 | Reached XP level 21. HP: 79/183 MP: 7/42
 56322 | Depths:3 | Noticed a caustic shrike
 56326 | Depths:3 | Killed a caustic shrike
 56990 | Depths:3 | Identified the cursed +0 short sword "Giwkien" {pierce,
                  | +Rage rElec} (You found it on level 3 of the Depths)
 57002 | Depths:3 | Identified 2 scrolls of acquirement
 58552 | Depths:4 | Learned a level 6 spell: Conjure Ball Lightning
 59208 | Depths:5 | Entered Level 5 of the Depths
 59280 | Depths:5 | Noticed a golden dragon
 59288 | Depths:5 | Killed a golden dragon
 60230 | Elf:3    | You paid a toll of +2 gold dragon scales to enter a
                  | treasure trove
 60231 | Trove    | Entered a treasure trove
 60748 | Depths:5 | Gained mutation: You are completely covered in sharp
                  | spines. [demonic ancestry]
 60748 | Depths:5 | Reached XP level 22. HP: 190/190 MP: 30/43
 60796 | Depths:5 | Noticed a golden dragon
 60802 | Depths:5 | Killed a golden dragon
 60857 | Depths:5 | Found a gate to the Realm of Zot.
 61833 | Crypt:1  | Entered Level 1 of the Crypt
 61926 | Crypt:1  | Noticed Xtahua
 61934 | Crypt:1  | Killed Xtahua
 62342 | Crypt:1  | Noticed Khufu
 62342 | Crypt:1  | Noticed a greater mummy
 62346 | Crypt:1  | Killed a greater mummy
 62349 | Crypt:1  | Killed Khufu
 62362 | Crypt:1  | Noticed a greater mummy
 62377 | Crypt:1  | Killed a greater mummy
 63576 | Crypt:2  | Found a basalt altar of Yredelemnul.
 63705 | Crypt:2  | Got a crude bone ring
 63725 | Crypt:2  | Identified the ring "Susuewne" {Ice +Fly rElec Dex-5
                  | Slay-6} (You found it on level 2 of the Crypt)
 64062 | Crypt:3  | Entered Level 3 of the Crypt
 64184 | Crypt:3  | Noticed a curse toe
 65835 | Crypt:3  | Killed a curse toe
 66229 | Vaults:5 | Entered Level 5 of the Vaults
 66231 | Vaults:5 | Reached XP level 23. HP: 198/198 MP: 44/44
 66385 | Vaults:5 | Noticed Boris
 66395 | Vaults:5 | Killed Boris
 66581 | Vaults:5 | Gained mutation: Armour fits poorly on your strangely
                  | shaped body. [a shining eye]
 67302 | Vaults:5 | Noticed a juggernaut
 67303 | Vaults:5 | Identified the ring of Xom's Fair Game {rCorr Dex+2}
 67308 | Vaults:5 | Noticed a shard shrike
 67308 | Vaults:5 | a juggernaut changed into a shard shrike
 67310 | Vaults:5 | a shard shrike changed into a titan
 67312 | Vaults:5 | Noticed a shard shrike
 67312 | Vaults:5 | a titan changed into a shard shrike
 67313 | Vaults:5 | Killed a shard shrike
 67551 | Vaults:5 | Identified the cursed +1 broad axe "Ahetwaj" {vamp, -Tele
                  | rC+ rN+++ Dex+2}
 67575 | Vaults:5 | Reached skill level 18 in Spellcasting
 67662 | Vaults:5 | Identified a +2 pair of boots of running (You acquired it
                  | on level 5 of the Vaults)
 67763 | Vaults:5 | Identified the Papyrus of the Mind
 67785 | Vaults:5 | Learned a level 6 spell: Bolt of Fire
 67803 | Vaults:5 | Found the +6 arbalest "Damnation" {damnation}
 68078 | Vaults:5 | Reached XP level 24. HP: 206/206 MP: 21/45
 68112 | Vaults:5 | Identified the Grimoire of the Floating Volcanoes
 68127 | Vaults:5 | Got a silver rune of Zot
 68628 | Depths:1 | Voluntarily entered the Abyss.
 68822 | Abyss:3  | Found a corrupted altar of Lugonu.
 69201 | Abyss:4  | Found a transporter.
 69215 | Depths:1 | Escaped the Abyss
 69781 | Zot:1    | Entered Level 1 of the Realm of Zot
 69785 | Zot:1    | Reached skill level 19 in Spellcasting
 70268 | Zot:1    | Reached skill level 20 in Spellcasting
 70457 | Zot:1    | Learned a level 6 spell: Bolt of Cold
 70725 | Zot:2    | Noticed an orb of fire
 70747 | Zot:2    | Gained mutation: Your magical capacity is low. (-10% MP)
                  | [an orb of fire]
 70752 | Zot:2    | Gained mutation: You tend to lose your temper in combat.
                  | [an orb of fire]
 70758 | Zot:2    | Gained mutation: Your body sometimes deteriorates upon
                  | taking damage. [an orb of fire]
 71165 | Zot:3    | Reached skill level 21 in Spellcasting
 71354 | Zot:3    | Reached XP level 25. HP: 100/212 MP: 9/43
 71734 | Zot:3    | Got a translucent leather armour
 71761 | Zot:3    | Reached skill level 22 in Spellcasting
 71788 | Zot:3    | Identified the +2 leather armour "Jyranaim" {MR+ Dex+6}
                  | (You found it on level 3 of the Realm of Zot)
 71974 | Zot:4    | Noticed a Killer Klown
 71980 | Zot:4    | Killed a Killer Klown
 72774 | Zot:5    | Entered Level 5 of the Realm of Zot
 72777 | Zot:5    | Got a heavily runed glass ring
 72778 | Zot:5    | Identified the ring "Yxzaez" {Fire MR+} (You found it on
                  | level 5 of the Realm of Zot)
 72914 | Zot:5    | Reached skill level 23 in Spellcasting
 73023 | Zot:5    | Noticed an ancient lich
 73027 | Zot:5    | Killed an ancient lich
 73027 | Zot:5    | Noticed a Killer Klown
 73028 | Zot:5    | Noticed an orb of fire
 73028 | Zot:5    | Noticed an orb of fire
 73029 | Zot:5    | Noticed an orb of fire
 73030 | Zot:5    | Noticed an orb of fire
 73030 | Zot:5    | Noticed an orb of fire
 73037 | Zot:5    | Noticed a Killer Klown
 73037 | Zot:5    | Killed a Killer Klown
 73039 | Zot:5    | Lost mutation: You tend to lose your temper in combat. [an
                  | orb of fire]
 73041 | Zot:5    | Noticed an ancient lich
 73048 | Zot:5    | Gained mutation: You are clumsy. (Dex -2) [an orb of fire]
 73050 | Zot:5    | Gained mutation: You are very clumsy. (Dex -4) [an orb of
                  | fire]
 73052 | Zot:5    | Cast into level 5 of the Abyss (an ancient lich)
 73052 | Abyss:5  | Entered Level 5 of the Abyss
 73052 | Abyss:5  | Entered Level 5 of the Abyss
 73096 | Zot:5    | Escaped the Abyss
 73097 | Zot:5    | Gained mutation: Potions are less effective at restoring
                  | your health. [an orb of fire]
 73109 | Zot:5    | Killed themself with a badly aimed great blast of fire

Levels and vault maps discovered:
D:1:      lightli_arrival_chessboard
D:2:      minmay_diamond_boxcup, lemuel_zombie_altar_yredelemnul,
          minmay_misc_feat_chi, trog_hazing_becter, uniq_crazy_yiuf_cottage
D:3:      nicolae_overflow_crystal_walls, chequers_ecumenical_altar_grove,
          uniq_natasha
D:4:      first_ration, uniq_grinder, uniq_edmund, uniq_ijyb, uniq_pikel,
          uniq_eustachio
D:5:      kennysheep_steamy, minmay_misc_feat_hallway, hex_medium,
          water_boxes_lemuel
D:6:      minmay_temple_entry_mist, uniq_duvessa, uniq_sigmund
D:7:      nicolae_overflow_hidden_temple, lemuel_angel_altar
D:8:      old_standard_altar, okawaru_ov_weapons_minmay,
          dancing_weapons_uskayaw, serial_rivers, chequers_serial_rivers_marsh,
          chequers_serial_rivers_micro_e, chequers_serial_rivers_room_b,
          chequers_serial_rivers_room_b, chequers_serial_rivers_small_a,
          grunt_pizzeria, uniq_harold, uniq_prince_ribbit1, uniq_joseph
D:9:      kennysheep_little_box, gammafunk_temple_overflow_arena
D:10:     serial_shops, shop, gammafunk_ghost_arena, nicolae_transmutations_shop
D:11:     due_lair_maze_entry_diamond, special_room, minmay_ruined_shrine
D:12:     minmay_orc_entry_temple_large, serial_shops, shop_fountains,
          minivault_14
D:13:     david_vaults_1, ashenzari_altar_1
D:14:     minmay_fountain_box
D:15:     hangedman_depths_entry_try_elsewhere_first, serial_shops, shop,
          lemuel_tele_altar, uniq_roxanne
Temple:   nicolae_temple_god_jail
Lair:1:   lemuel_fruit_fields, minmay_lair_oklob_chamber
Lair:2:   dpeg_oklob_gauntlet, grunt_megastairs_5, infiniplex_staircase_pool,
          serial_bayou_shore_b, serial_bayou_shore_b, serial_bayou_shore_b
Lair:3:   minmay_holes
Lair:4:   minmay_swamp_entry_worms, nicolae_spider_entry_non_spiders,
          cheibrodos_lair_caveside_slide, serial_bayou_shore_b
Lair:5:   slime_dummy, grunt_forest_small_clearings
Lair:6:   minmay_lair_end_enchanted_forest
Swamp:1:  layout_basic_swamp, hangedman_swamp_blocks
Swamp:2:  layout_basic_swamp, gammafunk_ghost_split,
          evilmike_swamp_ruin_house_2, uniq_nikola
Swamp:3:  layout_basic_swamp, serial_swamp_ruin, hangedman_swamp_ruin_hall,
          evilmike_swamp_ruin_rubble_1, evilmike_swamp_ruin_house_3, swamp_pool3
Swamp:4:  swamp_alternative, layout_basic_swamp, swamp_pool1
Spider:1: drop_trap, hangedman_spider_tarantella_strand
Spider:2: gammafunk_ghost_arena
Spider:3: layout_spider_delve, drop_trap
Spider:4: grunt_spider_rune_circles, zaba_anthell
Orc:1:    serial_shops, shop
Orc:2:    st_orc_town, basic_altar
Elf:1:    elf_arrival_001, layout_loops_ring, hangedman_elf_disciples
Elf:2:    layout_gridlike, ebering_ghost_inner_flame, special_room
          [special_room_mythical_zoo]
Elf:3:    minmay_elf_hall_hex, layout_loops_corners, serial_shops, shop,
          enter_trove_6, uniq_donald
Vaults:1: grunt_vaults_funnel, v_misc_8, v_pattern_2,
          nicolae_vaults_network_square, ontoclasm_vaults_spin,
          nicolae_vaults_big_angled_halls, ontoclasm_vaults_ligature,
          nicolae_vaults_little_squares_4, nicolae_vaults_border_crossing,
          st_lattice, nicolae_vaults_three_branches, layout_vaults_big_room,
          uniq_saint_roka
Vaults:2: minmay_crypt_entry_nasty_monster, nicolae_vaults_minivaults,
          grunt_vaults_diagonal, v_rooms_1, nicolae_vaults_hallways_thing,
          nicolae_vaults_little_ls, v_pattern_4,
          ontoclasm_vaults_loading_screen, nicolae_vaults_mini_display_case,
          nicolae_vaults_theta, v_misc_1, nicolae_vaults_little_squares_2,
          grunt_vaults_hallway_short, hangedman_vaults_slice,
          vaults_dpeg_diagonal, layout_vaults_omnicross, serial_shops,
          nicolae_shop_stone
Vaults:3: vaults_room_fours, v_alt_pattern_4, vaults_room_grunt_arrival_ludios,
          ontoclasm_vaults_idyll, nicolae_vaults_alarming,
          layout_vaults_omnigrid, uniq_aizul
Vaults:4: v_misc_14, v_rooms_6, ontoclasm_vaults_eye, hangedman_vaults_impose,
          nicolae_vaults_angled_halls, v_misc_18, vaults_dpeg_encased_lava,
          v_rooms_2, nicolae_vaults_triangles,
          nicolae_vaults_windows_and_doors_thing, st_star,
          ontoclasm_vaults_misaligned, nicolae_vaults_little_squares_3,
          layout_vaults_maze, serial_shops, shop
Vaults:5: serial_shops, uniq_boris
Crypt:1:  layout_chaotic_city, uniq_xtahua, uniq_khufu
Crypt:2:  layout_regular_city, basic_altar, minivault_26, glass_columns_a,
          grunt_ministairs_8
Crypt:3:  david_glass_crypt, layout_rooms,
          nicolae_tomb_entry_unfolded_pyramid_orthogonal
Depths:1: layout_cave_shapes, grunt_pan_entry_in_and_out, glass_columns_c,
          abyss_entry, hell_entry, hangedman_abyss_or_decor_clamps, drop_trap,
          minmay_shop_enchanted_jewellery, hangedman_abyss_or_decor_lesser_grid,
          kennysheep_kite_vault
Depths:2: minmay_the_grid_3x3 [minmay_the_grid_medium_cups,
          minmay_the_grid_box_x, minmay_the_grid_small_cups,
          minmay_the_grid_tiny_cups, minmay_the_grid_aliased_spiral,
          minmay_the_grid_holed_spiral, minmay_the_grid_odd_star,
          minmay_the_grid_doors, minmay_the_grid_prize_shrinking_boxes],
          layout_cross, enter_ziggurat_d, grunt_pan_entry_zigzag,
          ebering_ghost_inner_flame, abyss_entry, hellmouth_1, st_stairs_8
Depths:3: nooodl_heptagram, layout_gridville, lightli_too_deep, pan_entry,
          minmay_staircase_statues, uniq_frederick
Depths:4: minmay_spriggan_fort, layout_small_grid, abyss_entry_crystal,
          pf_hell_entry_tar_spiral, grunt_pan_entry_spiral,
          chequers_serial_rivers_small_3, kennysheep_two_boxes,
          infiniplex_staircase_zigzag_5
Depths:5: evilmike_zot_entry_gauntlet, layout_long_grid, rand_demon_pan_entry_9,
          hell_entry, minmay_misc_feat_x, minmay_misc_feat_five,
          chequers_serial_rivers_small_b, serial_bayou_pond_d,
          hangedman_decor_growths
Zot:1:    layout_cathedral_of_symmetry, st_small_dragon_hoard_4,
          grunt_ministairs_6, grunt_megastairs_4
Zot:2:    layout_onion_interference
Zot:3:    layout_misc_corridors, st_single_dragon_hoard_1, grunt_ministairs_11,
          st_small_dragon_hoard_1
Zot:4:    layout_gridville
Zot:5:    layout_basic, gammafunk_ghost_grave,
          hangedman_zot_decor_unnerving_road, hangedman_zot_diagonal_lockstep,
          skrybe_zot_glass_3

Skill      XL: |  1  2  3  4  5  6  7  8  9 10 11 12 13 14 15 16 17 18 19 20 21 22 23 24 25 |
---------------+----------------------------------------------------------------------------+-----
Dodging        | 2 3 4 5 6 8 9 10 | 10.1
Conjurations   | 2 3 4 6 7 8 10 11 12 14 15 17 20 22 | 22.0
Fighting       | 1 2 3 4 5 7 8 9 10 | 10.0
Spellcasting   | 4 5 6 7 8 9 10 12 13 15 16 17 18 21 23 | 23.7
Shields        | 4 7 9 10 11 14 15 | 15.0
Maces & Flails | 5 |  5.5
Summonings     | 2 3 |  3.8
Fire Magic     | 4 12 16 17 20 | 20.0
Stealth        | |  1.7
Translocations | |  0.8

Action                   |  1- 3 |  4- 6 |  7- 9 | 10-12 | 13-15 | 16-18 | 19-21 | 22-24 | 25-27 || total
-------------------------+-------+-------+-------+-------+-------+-------+-------+-------+-------++-------
Melee: Club              |    10 |       |       |       |       |       |       |       |       ||    10
       Unarmed           |     3 |       |       |       |       |       |       |       |       ||     3
       Dagger            |    30 |    88 |   259 |   466 |   405 |       |       |       |       ||  1248
       Trident           |       |       |       |   146 |   118 |     8 |       |       |       ||   272
       Quarterstaff      |       |       |       |     9 |       |       |       |       |       ||     9
       Whip              |       |       |       |     4 |       |       |       |       |       ||     4
       Staff             |       |       |       |       |     1 |    14 |     5 |     2 |       ||    22
       Hand axe          |       |       |       |       |     7 |       |       |       |       ||     7
       Flail             |       |       |       |       |       |    19 |       |       |       ||    19
 Cast: Magic Dart        |    96 |   119 |   138 |   193 |   248 |       |       |       |       ||   794
       Mephitic Cloud    |       |     5 |    15 |    44 |    23 |    93 |    41 |       |       ||   221
       Blink             |       |       |     6 |    12 |       |     1 |     2 |       |       ||    21
       Conjure Flame     |       |       |     2 |    13 |     1 |       |       |       |       ||    16
       Throw Icicle      |       |       |       |    90 |   490 |   456 |   359 |    21 |       ||  1416
       Static Discharge  |       |       |       |     1 |    18 |       |       |       |       ||    19
       Bolt of Magma     |       |       |       |       |    77 |     1 |       |     2 |       ||    80
       Dazzling Spray    |       |       |       |       |     1 |       |       |       |       ||     1
       Iskenderun's Batt |       |       |       |       |    68 |    80 |    63 |     2 |       ||   213
       Spellforged Servi |       |       |       |       |     2 |   162 |   143 |    52 |    10 ||   369
       Freezing Cloud    |       |       |       |       |       |     7 |    25 |       |       ||    32
       Apportation       |       |       |       |       |       |     4 |       |       |     2 ||     6
       Orb of Destructio |       |       |       |       |       |    23 |    57 |    50 |     1 ||   131
       Fire Storm        |       |       |       |       |       |       |    38 |   264 |    73 ||   375
       Bolt of Fire      |       |       |       |       |       |       |       |    62 |    16 ||    78
Evoke: Wand              |       |       |    11 |    43 |    24 |    15 |     1 |     1 |       ||    95
       Phial of floods   |       |       |       |     2 |     4 |     1 |       |       |       ||     7
       Box of beasts     |       |       |       |       |     9 |     2 |       |       |       ||    11
       Lightning rod     |       |       |       |       |    12 |     5 |       |       |       ||    17
       Sack of spiders   |       |       |       |       |       |     2 |       |       |       ||     2
  Use: Scroll            |       |     7 |     7 |    17 |    16 |    23 |    18 |    20 |     4 ||   112
       Potion            |       |       |       |     1 |     1 |    12 |    11 |    14 |     4 ||    43
 Stab: Confused          |       |     5 |    10 |    15 |     7 |       |       |       |       ||    37
       Sleeping          |       |     4 |       |     2 |       |       |       |       |       ||     6
       Distracted        |       |       |     1 |       |       |     2 |       |       |       ||     3
       Paralysed         |       |       |       |    11 |       |       |       |       |       ||    11
  Eat: Chunk             |    11 |    10 |     8 |    22 |    25 |    36 |    56 |    34 |    12 ||   214
       Ration            |       |       |       |     4 |     7 |    16 |    10 |    32 |     2 ||    71
Armor: Robe              |    20 |    31 |    14 |       |       |    25 |    52 |    49 |    23 ||   214
       Steam dragon scal |       |       |    27 |       |       |       |       |       |       ||    27
       Troll leather arm |       |       |    57 |   308 |   331 |    63 |       |       |       ||   759
Dodge: Dodged            |    50 |    65 |   218 |   617 |   733 |   374 |   249 |   257 |    78 ||  2641
Block: Buckler           |       |       |       |    34 |   260 |    46 |    83 |   112 |    22 ||   557
       Shield            |       |       |       |       |       |   182 |    91 |       |       ||   273

Table legend:
 A = Non-vault XP
 B = Vault XP
 C = Vault XP percentage of total XP
 D = Non-vault monster count
 E = Vault monster count
 F = Vault count percentage of total count
                 A         B        C        D         E       F
            +---------+---------+-------+---------+---------+-------
      Total |  742799 |  565180 |  43.2 |    1626 |     867 |  34.8
            +---------+---------+-------+---------+---------+-------
        D:1 |      45 |       0 |   0.0 |      27 |       0 |   0.0
        D:2 |      77 |      88 |  53.3 |      27 |      19 |  41.3
        D:3 |     117 |     562 |  82.8 |      24 |       2 |   7.7
        D:4 |     137 |     659 |  82.8 |       6 |       4 |  40.0
        D:5 |     169 |     350 |  67.4 |       9 |       2 |  18.2
        D:6 |     748 |     430 |  36.5 |      38 |       3 |   7.3
        D:7 |    1478 |       0 |   0.0 |      25 |       0 |   0.0
        D:8 |     717 |    1908 |  72.7 |      20 |       4 |  16.7
        D:9 |    1396 |       0 |   0.0 |      21 |       0 |   0.0
       D:10 |    2038 |     532 |  20.7 |      25 |       5 |  16.7
       D:11 |    2876 |    3014 |  51.2 |      15 |      28 |  65.1
       D:12 |    6808 |     328 |   4.6 |      31 |      15 |  32.6
       D:13 |    9756 |    2581 |  20.9 |      35 |       3 |   7.9
       D:14 |    7392 |       0 |   0.0 |      34 |       0 |   0.0
       D:15 |    8144 |    2385 |  22.7 |      22 |       4 |  15.4
     Lair:1 |    2918 |     377 |  11.4 |      13 |       1 |   7.1
     Lair:2 |    8061 |     643 |   7.4 |      33 |       3 |   8.3
     Lair:3 |    4063 |       0 |   0.0 |      19 |       0 |   0.0
     Lair:4 |    5505 |     978 |  15.1 |      24 |      10 |  29.4
     Lair:5 |    4959 |       0 |   0.0 |      18 |       0 |   0.0
     Lair:6 |   10100 |    8582 |  45.9 |      32 |      48 |  60.0
    Swamp:1 |    9154 |       0 |   0.0 |      19 |       0 |   0.0
    Swamp:2 |    1442 |    2706 |  65.2 |       5 |       5 |  50.0
    Swamp:3 |     927 |       0 |   0.0 |       3 |       0 |   0.0
    Swamp:4 |    4434 |   10274 |  69.9 |      22 |      22 |  50.0
   Spider:1 |   18539 |     219 |   1.2 |      47 |       1 |   2.1
   Spider:2 |   12057 |       0 |   0.0 |      41 |       0 |   0.0
   Spider:3 |    8871 |    2422 |  21.4 |      30 |       3 |   9.1
   Spider:4 |    6855 |   16424 |  70.6 |      29 |      75 |  72.1
      Orc:1 |    2178 |       0 |   0.0 |      22 |       0 |   0.0
      Orc:2 |    4723 |    8159 |  63.3 |      54 |      61 |  53.0
      Elf:1 |    7829 |    1169 |  13.0 |      19 |       3 |  13.6
      Elf:2 |    8002 |    1772 |  18.1 |      17 |       2 |  10.5
      Elf:3 |    7288 |   34686 |  82.6 |      25 |      42 |  62.7
   Vaults:1 |   21512 |   17058 |  44.2 |      53 |      41 |  43.6
   Vaults:2 |   26047 |   23258 |  47.2 |      51 |      45 |  46.9
   Vaults:3 |    7379 |    4638 |  38.6 |      10 |       9 |  47.4
   Vaults:4 |   38960 |   23209 |  37.3 |     102 |      42 |  29.2
   Vaults:5 |   29907 |  127692 |  81.0 |      32 |      95 |  74.8
    Crypt:1 |   25564 |   22868 |  47.2 |      49 |       5 |   9.3
    Crypt:2 |   35056 |     662 |   1.9 |      57 |       1 |   1.7
    Crypt:3 |   15275 |   14059 |  47.9 |      25 |      21 |  45.7
   Depths:1 |   24951 |   12235 |  32.9 |      41 |      30 |  42.3
   Depths:2 |   20878 |   38489 |  64.8 |      43 |      54 |  55.7
   Depths:3 |   20710 |   48902 |  70.2 |      37 |      49 |  57.0
   Depths:4 |   39298 |   16251 |  29.3 |      64 |      43 |  40.2
   Depths:5 |   38259 |   19965 |  34.3 |      52 |      21 |  28.8
      Zot:1 |   60870 |   19068 |  23.9 |      34 |      11 |  24.4
      Zot:2 |   18816 |       0 |   0.0 |      13 |       0 |   0.0
      Zot:3 |   61062 |   19316 |  24.0 |      39 |       9 |  18.8
      Zot:4 |   41909 |       0 |   0.0 |      27 |       0 |   0.0
      Zot:5 |   18621 |   46776 |  71.5 |      14 |      15 |  51.7
    Abyss:2 |    6334 |       0 |   0.0 |      16 |       0 |   0.0
    Abyss:3 |   18846 |    2140 |  10.2 |      34 |       4 |  10.5
    Abyss:4 |       0 |    7346 | 100.0 |       0 |       7 | 100.0
    Abyss:5 |    2742 |       0 |   0.0 |       2 |       0 |   0.0
            +---------+---------+-------+---------+---------+-------
